 Dungeon Crawl Stone Soup version bcrawl-1.15.1 (webtiles) character file.

Game seed: 13136501609387770431

46 Kairok the Sneak (level 3, -6/21 HPs)
             Began as a Vine Stalker Rogue on Sept 27, 2019.
             Engulfed by a cloud of flame (19 damage)
             ... on level 2 of the Dungeon.
             The game lasted 00:02:13 (1214 turns).

Kairok the Sneak (Vine Stalker Rogue)               Turns: 1214, Time: 00:02:13

Health: -6/21      AC:  9    Str: 14    XL:     3   Next: 68%
Magic:  5/5        EV:  8    Int: 11    God:
Gold:   225        SH:  0    Dex: 15    Spells: 2/2 levels left

rFire    . . .     SeeInvis .   a - +2 dagger
rCold    . . .     Gourm    .   (no shield)
rNeg     . . .     Faith    .   x - +0 scale mail
rPois    .         Spirit   .   (no helmet)
rElec    .         Reflect  .   d - +0 cloak
rCorr    +         Harm     .   (no gloves)
MR       .....                  (no boots)
Stlth    +.........             (no amulet)
HPRegen  0.47/turn              n - ring of attention (curse)
MPRegen  0.09/turn              w - ring of resist corrosion

@: no status effects
A: fangs 2, thin metallic scales 1, regeneration 1, no potion heal 3, rot
immunity, strong jaws
a: no special abilities


You were on level 2 of the Dungeon.
You were not hungry.

You visited 1 branch of the dungeon, and saw 2 of its levels.

You collected 225 gold pieces.

Inventory:

Hand Weapons
 a - a +2 dagger (weapon)
 b - a +0 blowgun
Missiles
 e - 80 poisoned needles
Armour
 c - a +0 robe
 d - a +0 cloak (worn)
 k - a +0 ring mail
 x - a +0 scale mail (worn)
Jewellery
 m - a +5 ring of intelligence
 n - a cursed ring of attention (left hand)
 p - an uncursed ring of see invisible
 r - a +2 ring of dexterity
 w - a ring of resist corrosion (right hand)
Wands
 f - a wand of flame (26)
 g - a wand of enslavement (15)
Scrolls
 i - 3 scrolls of teleportation
 j - 2 scrolls of identify
 l - a scroll of amnesia
 q - a scroll of noise {unknown}
 s - a scroll of fear {unknown}
Potions
 o - a potion of lignification
 t - a potion of mutation
 u - 2 potions of flight {unknown}
 v - a potion of magic {unknown}
Comestibles
 h - 4 rations {!d}


   Skills:
 + Level 1.8 Fighting
 + Level 2.2 Short Blades
 + Level 0.5 Armour
 + Level 7.0 Stealth
 + Level 1.8 Evocations


You had 2 spell levels left.
You didn't know any spells.
Your spell library was empty.

Dungeon Overview and Level Annotations

Branches:
Dungeon (2/12)

Altars:
Gozag
Sif Muna
Vehumet


Innate Abilities, Weirdness & Mutations

You have extremely sharp teeth.
Your natural rate of healing is unusually fast.
Potions cannot restore your health.
You are immune to rotting.
Your bites deal extra damage.
You are partially covered in thin metallic scales. (AC +2)


Message History

No target in view!
No target in view!
No target in view!
No target in view!
You remove your +2 ring of dexterity.
You feel clumsy.
w - a ring of resist corrosion (right hand)
You see here a kobold corpse.
Found a mace.
You see here a kobold corpse.
Partly explored, can't reach some places.
Partly explored, can't reach some places.
Really walk into a travel-excluded area? [Y]es or [N]o only, please.
Really walk into a travel-excluded area?
You are engulfed in blazing flames.
You see here a scroll of magic mapping.
You are engulfed in blazing flames.
Ouch! That really hurt!
You die...

#..###.#.###..#
#.............#
##.###.#..##..#
#............#
#####........#
#.##...§.#
#...§.☼§.#
###..°.§.#
#.).@..#
#.....## ##
####### .# .#
.# .# .# .#


There were no monsters in sight!

Vanquished Creatures
  2 worms (D:2)
  A dart slug (D:2)
  4 leopard geckos (D:2)
  A giant cockroach (D:1)
  3 goblins
  7 hobgoblins
  A quokka (D:1)
  4 bats (D:1)
  11 frilled lizards
  A kobold (D:2)
35 creatures vanquished.

Vanquished Creatures (others)
  A rat (D:2)
1 creature vanquished.

Grand Total: 36 creatures vanquished

Notes
Turn   | Place    | Note
-------+----------+-------------------------------------------
     0 | D:1      | Kairok the Vine Stalker Rogue began the quest for the Orb.
     0 | D:1      | Reached XP level 1. HP: 12/12 MP: 3/3
    30 | D:1      | Reached skill level 6 in Stealth
    89 | D:1      | Reached XP level 2. HP: 17/17 MP: 4/4
   534 | D:1      | Gained mutation: Scrolls take you a little longer to read.
                  | [potion of mutation]
   534 | D:1      | Lost mutation: Scrolls take you a little longer to read.
                  | [potion of mutation]
   534 | D:1      | Gained mutation: You are partially covered in thin metallic
                  | scales. (AC +2) [potion of mutation]
   573 | D:2      | Reached XP level 3. HP: 21/21 MP: 5/5
   635 | D:2      | Found a radiant altar of Vehumet.
   763 | D:2      | Reached skill level 7 in Stealth
   831 | D:2      | Found a shimmering blue altar of Sif Muna.
   897 | D:2      | Found an opulent altar of Gozag.
  1214 | D:2      | Engulfed by a cloud of flame

Skill      XL: |  1  2  3 |
---------------+----------+-----
Stealth        | 6 7 |  7.0
Short Blades   | 2 |  2.2
Fighting       | |  1.8
Armour         | |  0.5
Evocations     | |  1.8

Action                   || total
-------------------------++-------
Melee: Dagger            ||   101
       Bite              ||    13
  Use: Scroll            ||     4
       Potion            ||     1
 Stab: Sleeping          ||     4
  Eat: Chunk             ||     1
Armor: Robe              ||     6
       Ring mail         ||    27
       Scale mail        ||     1
Dodge: Dodged            ||    46
